 Dungeon Crawl Stone Soup version 0.27-a0-1060-gcb85b5eba1 (webtiles) character file.

Game seed: 6859601378166499669

110 kakkapete22 the Ducker (level 4, 0/36 HPs)
             Began as a Minotaur Hedge Wizard on Apr 21, 2021.
             Slain by a wyvern skeleton (8 damage)
             ... on level 4 of the Dungeon.
             The game lasted 00:08:34 (3340 turns).

kakkapete22 the Ducker (Minotaur Hedge Wizard)      Turns: 3340, Time: 00:08:34

Health: 0/36       AC: 12    Str: 16    XL:     4   Next: 61%
Magic:  6/6        EV:  2    Int: 11    God:
Gold:   183        SH:  6    Dex:  9    Spells: 6/7 levels left

rFire    . . .     SeeInvis +   s - +5 spear "Iliar" {flame, *Slow rElec rN+}
rCold    . . .     Faith    .   l - +0 kite shield
rNeg     + + .     Spirit   .   d - +1 plate armour {Will+}
rPois    .         Reflect  .   c - +0 hat
rElec    +         Harm     .   (no cloak)
rCorr    .         Rampage  .   (no gloves)
Will     +....                  (no boots)
Stlth    ..........             (no amulet)
HPRegen  0.12/turn              h - ring of positive energy
MPRegen  0.10/turn              m - ring of see invisible

@: no status effects
A: horns 2, retaliatory headbutt
a: no special abilities


You were on level 4 of the Dungeon.
You visited 1 branch of the dungeon, and saw 4 of its levels.

You collected 183 gold pieces.

Inventory:

Hand Weapons
 j - a +0 halberd
 n - a +1 whip of holy wrath
 r - a +1 vampiric dagger
 s - the +5 spear "Iliar" (weapon) {flame, *Slow rElec rN+}
   (You found it on level 4 of the Dungeon)

   It has been specially enchanted to burn those struck by it, causing extra
   injury to most foes and up to half again as much damage against particularly
   susceptible opponents.
   It insulates you from electricity.
   It protects you from negative energy.
   It may slow you when you take damage.
Missiles
 q - 74 stones
Armour
 b - a +0 robe
 c - a +0 hat (worn)
 d - a +1 plate armour of willpower (worn)
 l - a +0 kite shield (worn)
Jewellery
 h - a ring of positive energy (left hand)
 m - a ring of see invisible (right hand)
 p - a ring of ice
Scrolls
 f - a scroll of blinking {unknown}
 g - a scroll of magic mapping {unknown}
 i - 2 scrolls of noise {unknown}
 k - a scroll of acquirement {unknown}
 o - 2 scrolls of identify {unknown}
Potions
 e - 4 potions of haste {unknown}


   Skills:
 + Level 2.3 Fighting
 * Level 1.7 Polearms
 + Level 2.2 Armour
 + Level 3.2 Dodging
 - Level 1.5 Stealth
 + Level 0.0 Shields
 - Level 2.4 Spellcasting
 - Level 0.6 Conjurations
 - Level 0.6 Summonings
 - Level 0.6 Translocations


You had 6 spell levels left.
You knew the following spells:

 Your Spells              Type           Power      Damage    Failure   Level
a - Magic Dart            Conj           8%         1d3       100%        1

Your spell library contained the following spells:

 Spells                   Type           Power      Damage    Failure   Level
 Blink                    Tloc           N/A        N/A       100%        2
 Call Imp                 Summ           2%         N/A       100%        2
 Slow                     Hex            1%         N/A       100%        2
 Conjure Flame            Conj/Fire      2%         6-21      100%        3
 Mephitic Cloud           Conj/Pois/Air  1%         N/A       100%        3


Dungeon Overview and Level Annotations

Branches:
Dungeon (4/15)
 Temple: D:4-7

Altars:

Annotations:
D:3 1 runed translucent door, Crazy Yiuf


Innate Abilities, Weirdness & Mutations

You have a pair of horns on your head.
You reflexively headbutt those who attack you in melee.


Message History

You puncture the jackal! You burn the jackal.
You kill the jackal!
The jackal bites you but does no damage.
You block the jackal's attack.
You hit the jackal. You burn the jackal.
You kill the jackal!
No target in view!
You see here a ball python corpse.
Found a stone staircase leading down.
You see here 14 gold pieces.
Press: ? - help, v - describe, . - travel
Here: a wyvern skeleton The floor.
Reach: s) +5 spear "Iliar" {flame, *Slow rElec rN+}
Press: ? - help, Dir - move target, f - wyvern skeleton
Aim: a wyvern skeleton (about 13% to evade the +5 spear "Iliar")
You reach to attack!
You hit the wyvern skeleton. You burn the wyvern skeleton.
The wyvern skeleton is lightly damaged.
The wyvern skeleton bites you but does no damage.
You hit the wyvern skeleton. You burn the wyvern skeleton.
The wyvern skeleton is moderately damaged.
The wyvern skeleton bites you.
You hit the wyvern skeleton. You burn the wyvern skeleton.
The wyvern skeleton is heavily damaged.
The wyvern skeleton bites you. The wyvern skeleton bites you!
You barely miss the wyvern skeleton.
The wyvern skeleton is heavily damaged.
The wyvern skeleton bites you. x2
You puncture the wyvern skeleton! You burn the wyvern skeleton.
The wyvern skeleton is severely damaged.
The wyvern skeleton bites you.
* * * LOW HITPOINT WARNING * * *
Your plate armour prevents you from hitting the wyvern skeleton.
Your headbutt misses the wyvern skeleton.
The wyvern skeleton is severely damaged.
You block the wyvern skeleton's attack. x2
Your shield prevents you from hitting the wyvern skeleton.
The wyvern skeleton is severely damaged.
The wyvern skeleton bites you!
You die...

######## #......# ##......#
###############.......#
##....<#.....@Z........##
##....÷.†......##........##
#........).........$.......
#.........................#
#..................!......#
#.........................#
#..........................
#.........................#
##.............#P.≈P..>....


You could see a wyvern skeleton.

Vanquished Creatures
  2 worms
  A dart slug (D:2)
  4 orcs (D:3)
  5 ball pythons
  4 endoplasms
  2 giant cockroaches
  10 goblins
  11 hobgoblins
  22 jackals
  10 kobolds
  A quokka (D:3)
  4 bats (D:1)
  A frilled lizard (D:3)
  2 rats (D:2)
79 creatures vanquished.

Vanquished Creatures (others)
  3 plants (D:4)
3 creatures vanquished.

Grand Total: 82 creatures vanquished

Notes
Turn   | Place    | Note
-------+----------+-------------------------------------------
     0 | D:1      | kakkapete22 the Minotaur Hedge Wizard began the quest for
                  | the Orb.
     0 | D:1      | Reached XP level 1. HP: 14/14 MP: 2/2
   412 | D:1      | Reached XP level 2. HP: 22/22 MP: 4/4
   430 | D:1      | Reached skill level 1 in Fighting
   433 | D:1      | Reached skill level 1 in Armour
   992 | D:2      | Reached XP level 3. HP: 23/28 MP: 5/5
  1155 | D:2      | Found a faded altar of an unknown god.
  1774 | D:3      | Reached skill level 3 in Dodging
  1986 | D:3      | Reached XP level 4. HP: 28/36 MP: 6/6
  2418 | D:3      | Reached skill level 1 in Polearms
  2473 | D:3      | Found a runed translucent door.
  2474 | D:3      | Noticed Crazy Yiuf
  2976 | D:4      | Noticed a scorpion
  3036 | D:4      | Identified the +5 spear "Iliar" {flame, *Slow rElec rN+}
  3340 | D:4      | Slain by a wyvern skeleton

Illustrated notes

Levels and vault maps discovered:
D:1:      dpeg_arrival_simpleton_c, layout_loops_ring
D:2:      layout_loops_ring, hellmonk_ecumenical_altar_blasted
D:3:      layout_loops_ring, guppyfry_early_orc_mine, uniq_crazy_yiuf_cottage
D:4:      layout_rooms, ebering_ghost_sewer_f, serial_bayou_lagoon_b

Skill      XL: |  1  2  3  4 |
---------------+-------------+-----
Fighting       | 1 2 |  2.3
Armour         | 1 2 |  2.2
Dodging        | 3 |  3.2
Polearms       | 1 |  1.7
Stealth        | |  1.5
Spellcasting   | |  2.4
Conjurations   | |  0.6
Summonings     | |  0.6
Translocations | |  0.6

Action                   |  1- 3 |  4- 6 || total
-------------------------+-------+-------++-------
Melee: Dagger            |   153 |       ||   153
       Headbutt          |    25 |     9 ||    34
       Halberd           |    48 |    69 ||   117
       Spear             |       |    18 ||    18
 Stab: Sleeping          |     1 |       ||     1
Armor: Plate armour      |   159 |    70 ||   229
       Robe              |     1 |       ||     1
Dodge: Dodged            |    48 |    27 ||    75
Block: Kite shield       |       |    10 ||    10

Table legend: (Time is in decaauts)
 A = Elapsed time spent in this place.
 B = Non-inter-level travel time spent in this place.
 C = Inter-level travel time spent in this place.
 D = Time resting spent in this place.
 E = Time spent auto-exploring this place.
 F = Levels seen in this place.
 G = Mean time per level.
                   A        B        C        D        E       F      G
               +--------+--------+--------+--------+--------+-----+--------+
         Total |   3403 |   3283 |    120 |    710 |   1916 |   4 |  850.8 |
       Dungeon |   3403 |   3283 |    120 |    710 |   1916 |   4 |  850.8 |
               +--------+--------+--------+--------+--------+-----+--------+

Top non-repeatable levels by time:
     D:3: 1450 daAuts
     D:1: 953 daAuts
     D:2: 867 daAuts
     D:4: 132 daAuts
